Map: Para Site LE

Players

Lambo - Winner!

  • Race: Zerg Zerg
  • League: Grandmaster
  • Spawn Location: 5:00

Namshar

  • Race: Zerg Zerg
  • League: Grandmaster
  • Spawn Location: 11:00

VOD

Have the link to the VOD?

Description

Time

  • Played on: Dec. 26, 2018, 3:13 p.m.
  • Length: 18:00
Show
View Real Time Build Order
Export as new Build Order

Lambo Zerg - Winner!

Build Orders: Hatch First, Muta Ling Bane 

Get SALT Encoding   

  12  0:01  Drone  
  13  0:14  Overlord  
  13  0:17  Drone  
  14  0:32  Drone x2  
  16  0:48  Hatchery  
  15  0:51  Drone  
  15  0:54  Drone  
  17  0:58  Drone  
  18  1:08  Extractor  
  17  1:14  Spawning Pool  
  17  1:17  Drone  
  17  1:21  Drone  
  18  1:29  Drone  
  19  1:40  Drone  
  20  1:52  Overlord  
  20  2:00  Queen  
  20  2:01  Queen  
  24  2:02  Drone  
  24  2:04  Zergling x2  
  26  2:10  Metabolic Boost  
  26  2:12  Drone  
  26  2:13  Drone  
  28  2:22  Drone  
  29  2:24  Drone  
  30  2:34  Hatchery  
  30  2:36  Drone  
  30  2:41  Drone  
  31  2:47  Baneling Nest  
  31  2:49  Drone  
  31  2:52  Overlord  
  31  2:56  Zergling x2  
  32  2:59  Drone  
  32  3:05  Zergling x2  
  34  3:08  Drone  
  34  3:10  Drone  
  34  3:12  Drone  
  37  3:13  Overlord, Drone  
  37  3:15  Drone  
  37  3:17  Drone  
  40  3:22  Drone x2  
  42  3:32  Zergling x4  
  42  3:34  Evolution Chamber  
  43  3:38  Queen  
  43  3:41  Drone  
  46  3:43  Drone x3  
  46  3:44  Drone x2  
  46  3:47  Extractor x2  
  49  3:49  Drone x2  
  51  3:57  Drone x2  
  51  4:01  Drone  
  51  4:02  Zerg Melee Weapons Level 1  
  53  4:06  Drone  
  53  4:09  Drone x2  
  56  4:15  Lair  
  56  4:16  Overlord  
  56  4:17  Drone  
  56  4:22  Drone  
  56  4:23  Roach Warren  
  57  4:25  Extractor  
  57  4:26  Drone x2  
  58  4:34  Drone x2  
  58  4:35  Overlord  
  60  4:41  Overlord  
  60  4:42  Drone x2  
  60  4:45  Drone x4  
  66  4:46  Overlord  
  66  4:51  Drone  
  66  4:53  Drone x5  
  66  4:54  Drone  
  66  4:59  Extractor  
  71  5:00  Extractor  
  71  5:01  Drone x3  
  71  5:03  Drone  
  74  5:09  Drone  
  75  5:17  Spire  
  75  5:19  Hatchery  
  73  5:22  Drone x3  
  73  5:24  Zergling x8  
  80  5:34  Zergling x14  
  87  5:36  Overlord  
  87  5:39  Overlord  
  87  5:53  Baneling x2  
  87  5:54  Drone  
  87  5:57  Zergling x14  
  89  6:02  Overlord  
  94  6:06  Extractor  
  94  6:10  Extractor  
  89  6:14  Overlord  
  84  6:27  Drone  
  84  6:28  Drone x5  
  84  6:30  Mutalisk x7  
  102  6:33  Zerg Flyer Weapons Level 1  
  102  6:36  Queen  
  102  6:37  Overlord, Mutalisk x2  
  102  6:38  Mutalisk  
  110  6:40  Mutalisk x2  
  110  6:45  Mutalisk x2  
  110  6:46  Hatchery  
  117  6:48  Mutalisk  
  117  6:53  Mutalisk x2  
  119  6:57  Mutalisk  
  120  7:01  Zergling x2  
  120  7:02  Zergling x8  
  120  7:04  Mutalisk x2  
  125  7:09  Drone x4  
  125  7:12  Zerg Melee Weapons Level 2  
  129  7:19  Overlord, Overseer  
  129  7:21  Drone x3  
  132  7:27  Mutalisk x3  
  134  7:31  Overlord  
  134  7:32  Extractor  
  132  7:37  Extractor  
  132  7:38  Overlord  
  132  7:39  Mutalisk x2  
  132  7:43  Zergling x12  
  141  7:45  Overlord  
  141  7:49  Drone x3  
  144  7:52  Centrifical Hooks  
  144  7:53  Drone  
  144  7:54  Drone x2  
  147  8:00  Overseer  
  147  8:01  Overseer  
  147  8:02  Overlord  
  147  8:03  Mutalisk x2  
  151  8:11  Mutalisk x2  
  151  8:12  Mutalisk  
  157  8:17  Mutalisk  
  159  8:20  Queen, Drone x5  
  159  8:26  Evolution Chamber, Zergling x6, Infestation Pit  
  167  8:28  Baneling x2  
  167  8:32  Pneumatized Carapace  
  167  8:34  Mutalisk x2  
  171  8:41  Mutalisk x2  
  170  8:56  Mutalisk  
  170  8:57  Mutalisk x3  
  170  9:06  Mutalisk x2  
  170  9:07  Mutalisk  
  172  9:11  Zergling x20  
  172  9:13  Zerg Flyer Weapons Level 2  
  182  9:20  Baneling x7  
  178  9:31  Baneling  
  178  9:32  Baneling x6  
  170  9:41  Hatchery  
  170  9:42  Mutalisk  
  170  9:43  Mutalisk x3  
  173  9:49  Hive  
  173  9:54  Zergling x18  
  173  9:59  Zergling x2  
  173  10:04  Zergling x26  
  171  10:09  Baneling x6  
  171  10:11  Overlord x2  
  170  10:14  Zerg Ground Armor Level 1  
  170  10:16  Overlord  
  170  10:20  Overlord, Baneling x11  
  170  10:23  Overlord  
  165  10:28  Zergling x10  
  165  10:32  Baneling x4  
  165  10:33  Baneling x4  
  165  10:34  Mutalisk x4  
  171  10:40  Mutalisk x3  
  177  10:43  Zergling x8  
  177  10:48  Zergling x10  
  186  10:50  Baneling x3  
  186  10:51  Baneling x4  
  186  10:52  Zergling x4  
  186  10:55  Baneling  
  188  11:08  Zergling x4  
  188  11:09  Zergling x18  
  189  11:21  Zergling x24  
  189  11:24  Zergling x6  
  187  11:27  Mutalisk  
  184  11:34  Overseer  
  184  11:35  Ultralisk Cavern  
  184  11:36  Zerg Flyer Weapons Level 3  
  184  11:38  Zerg Melee Weapons Level 3  
  180  11:40  Mutalisk x3  
  180  11:43  Overseer  
  180  11:45  Drone  
  187  11:54  Overseer  
  187  12:06  Overlord  
  180  12:14  Mutalisk  
  180  12:15  Mutalisk x7  
  187  12:22  Baneling x12  
  187  12:24  Overlord, Chitinous Plating  
  187  12:28  Zerg Ground Armor Level 2  
  187  12:41  Mutalisk x4  
  187  12:44  Drone x7  
  187  12:46  Extractor  
  193  12:51  Zergling x12  
  193  12:54  Extractor  
  196  13:03  Zergling x34  
  200  13:12  Baneling x12  
  199  13:17  Overlord  
  197  13:38  Viper  
  195  14:06  Viper x2  
  191  14:10  Mutalisk x4  
  191  14:13  Zerg Flyer Armor Level 1  
  198  14:23  Drone x6  
  194  14:31  Spine Crawler  
  194  14:33  Mutalisk x2, Drone x2  
  195  14:46  Zerg Ground Armor Level 3  
  195  14:50  Spine Crawler  
  195  14:52  Baneling x20  
  194  15:01  Ultralisk  
  164  15:31  Mutalisk x16  
  196  15:35  Overlord  
  196  15:36  Overlord  
  196  15:42  Overlord  
  196  15:43  Overlord  
  196  16:03  Mutalisk x2  
  200  16:10  Zergling x12  
  196  16:19  Hatchery  
  196  16:23  Zergling x26  
  197  16:25  Mutalisk  
  195  16:35  Viper  
  195  16:41  Overseer x2  
  195  16:42  Overseer  
  195  16:52  Anabolic Synthesis  
  195  16:54  Overseer  
  195  16:57  Overseer x2  
  195  16:59  Spine Crawler  
  194  17:03  Mutalisk x3  
  194  17:06  Baneling x18  
  200  17:08  Baneling x7  
  200  17:10  Baneling x13  
Show
View Real Time Build Order
Export as new Build Order

Namshar Zerg 

Build Orders: Hatch First, Lurkers, Roach Hydra 

Get SALT Encoding   

  12  0:00  Drone  
  13  0:13  Overlord  
  13  0:17  Drone  
  14  0:32  Drone x2  
  16  0:47  Hatchery  
  15  0:51  Drone  
  15  0:55  Drone  
  17  0:58  Drone  
  18  1:09  Extractor  
  17  1:13  Spawning Pool  
  17  1:17  Drone  
  17  1:19  Drone  
  18  1:29  Drone  
  20  1:40  Drone  
  20  1:50  Drone  
  21  1:59  Queen x2  
  21  2:01  Overlord, Drone  
  26  2:09  Metabolic Boost  
  26  2:12  Drone x2  
  28  2:21  Drone  
  29  2:23  Drone  
  30  2:32  Zergling x2  
  30  2:34  Hatchery  
  30  2:36  Zergling x2  
  31  2:46  Drone  
  31  2:47  Overlord, Baneling Nest  
  31  2:54  Drone  
  31  2:55  Drone  
  33  3:00  Queen  
  35  3:06  Overlord  
  35  3:07  Drone  
  35  3:09  Drone  
  35  3:12  Drone  
  38  3:14  Drone  
  38  3:17  Zergling x2  
  38  3:19  Zergling x2  
  41  3:22  Drone  
  41  3:24  Overlord  
  43  3:27  Drone  
  43  3:32  Evolution Chamber  
  42  3:35  Baneling x2  
  42  3:39  Drone x4  
  46  3:42  Drone  
  46  3:45  Drone  
  46  3:46  Drone  
  46  3:48  Drone x2  
  50  3:51  Drone  
  52  3:55  Drone  
  52  3:56  Drone  
  53  4:06  Drone x3  
  56  4:12  Lair, Drone x2  
  56  4:13  Drone x2  
  56  4:14  Zerg Missile Weapons Level 1  
  60  4:18  Zergling x4  
  60  4:21  Roach Warren  
  61  4:25  Extractor  
  61  4:26  Extractor  
  61  4:27  Overlord  
  61  4:28  Overlord  
  61  4:29  Drone  
  61  4:30  Drone  
  61  4:33  Drone x2  
  61  4:36  Drone  
  61  4:37  Drone x2  
  66  4:43  Overlord x2  
  66  4:50  Drone x6  
  66  4:51  Drone x2  
  74  4:54  Extractor  
  74  4:55  Extractor  
  74  4:56  Drone  
  74  4:57  Drone x2  
  74  4:59  Pneumatized Carapace  
  74  5:01  Drone  
  74  5:03  Drone  
  74  5:06  Extractor  
  75  5:08  Glial Reconstitution  
  75  5:12  Evolution Chamber  
  74  5:14  Drone  
  74  5:15  Drone  
  74  5:17  Hatchery  
  74  5:20  Drone x3  
  78  5:22  Overseer  
  78  5:28  Overlord  
  78  5:33  Roach  
  78  5:34  Roach x6  
  92  5:40  Overlord x3  
  92  5:47  Queen, Hydralisk Den  
  93  5:52  Overlord, Queen  
  95  5:58  Roach x3  
  95  5:59  Roach  
  95  6:02  Overlord  
  103  6:10  Overlord  
  102  6:14  Drone x3  
  103  6:19  Spore Crawler  
  103  6:20  Ravager  
  103  6:22  Ravager  
  101  6:29  Spore Crawler  
  101  6:31  Spore Crawler  
  101  6:32  Queen  
  95  6:33  Roach x6, Spore Crawler  
  106  6:51  Ravager x3  
  106  6:52  Roach x2  
  113  6:57  Muscular Augments  
  110  7:03  Zerg Missile Weapons Level 2  
  110  7:04  Zerg Ground Armor Level 1  
  110  7:08  Spore Crawler, Drone  
  109  7:09  Queen  
  109  7:12  Queen  
  109  7:15  Drone  
  115  7:16  Lurker Den  
  115  7:17  Drone x2  
  116  7:24  Hydralisk  
  116  7:25  Hydralisk x6  
  130  7:35  Overlord x2  
  130  7:36  Hydralisk x2  
  130  7:37  Hydralisk x2  
  138  7:47  Drone x3  
  138  7:48  Drone  
  142  7:53  Hydralisk x4  
  150  7:59  Spore Crawler  
  149  8:06  Overlord, Hydralisk  
  149  8:07  Hydralisk x3  
  149  8:08  Grooved Spines  
  155  8:16  Queen  
  155  8:19  Drone x2  
  159  8:22  Spore Crawler, Hydralisk x4  
  166  8:36  Spore Crawler, Drone x2  
  166  8:40  Spore Crawler  
  164  8:43  Queen  
  158  8:58  Hydralisk  
  158  8:59  Hydralisk x7  
  156  9:07  Spore Crawler  
  156  9:09  Spore Crawler  
  154  9:18  Extractor  
  154  9:21  Overlord x2  
  154  9:22  Overlord x2  
  153  9:26  Overlord x2  
  153  9:27  Extractor x2, Drone  
  153  9:28  Drone x5  
  153  9:30  Hydralisk x3  
  153  9:42  Hydralisk x4  
  155  9:48  Infestation Pit  
  154  9:57  Hydralisk  
  154  9:58  Roach x5  
  154  9:59  Roach  
  159  10:04  Hydralisk x2  
  141  10:10  Spore Crawler, Hydralisk x2  
  141  10:13  Queen x2  
  141  10:14  Queen  
  148  10:26  Hydralisk x6  
  156  10:38  Lurker x2  
  156  10:41  Queen, Drone x2  
  156  10:42  Spore Crawler x2  
  160  10:47  Hatchery  
  159  10:54  Drone x2  
  159  10:55  Queen  
  159  10:56  Queen  
  165  10:58  Lurker x2  
  165  11:00  Hydralisk x4  
  165  11:01  Spore Crawler  
  165  11:02  Spore Crawler  
  165  11:03  Drone x4  
  176  11:07  Spore Crawler  
  176  11:10  Spore Crawler  
  160  11:20  Hydralisk x2  
  160  11:21  Roach x5  
  160  11:24  Queen  
  160  11:25  Queen, Drone x3  
  157  11:32  Hydralisk  
  157  11:33  Hydralisk x3  
  165  11:44  Spore Crawler  
  165  11:45  Spore Crawler  
  163  11:47  Drone x3  
  163  11:48  Drone x3  
  163  11:49  Spore Crawler, Lurker  
  163  11:50  Lurker  
  170  12:00  Hydralisk x3  
  170  12:01  Roach x2  
  169  12:10  Queen  
  169  12:15  Hydralisk x5  
  169  12:18  Queen  
  169  12:21  Hatchery  
  178  12:25  Hive  
  178  12:28  Drone x2  
  180  12:35  Hydralisk x2  
  180  12:36  Hydralisk x3  
  190  12:40  Spore Crawler  
  178  12:45  Lurker  
  178  12:46  Lurker  
  180  12:51  Drone  
  180  12:52  Drone x3  
  180  12:53  Hydralisk x2  
  180  12:54  Roach x2  
  180  12:58  Extractor  
  189  13:00  Hydralisk  
  189  13:01  Roach x2  
  189  13:02  Roach x3  
  189  13:03  Extractor  
  181  13:07  Lurker  
  181  13:08  Lurker  
  181  13:21  Lurker x2  
  183  13:29  Hydralisk  
  183  13:30  Hydralisk x4  
  189  13:49  Drone  
  189  13:50  Drone x7  
  189  13:55  Spore Crawler x2  
  189  13:57  Drone x4  
  187  14:07  Viper x4  
  187  14:17  Drone x4  
  187  14:18  Extractor, Drone x2  
  187  14:22  Lurker x2  
  192  14:24  Adaptive Talons  
  192  14:28  Spore Crawler  
  192  14:29  Spore Crawler  
  176  14:36  Queen  
  178  14:44  Drone x3  
  178  14:45  Drone x3  
  153  14:49  Queen, Hydralisk, Drone x2  
  153  14:50  Hydralisk x6  
  153  14:51  Zerg Missile Weapons Level 3  
  171  14:56  Queen  
  173  15:03  Zerg Ground Armor Level 2  
  173  15:06  Hydralisk x4  
  179  15:07  Roach  
  179  15:12  Drone x3  
  181  15:15  Unknown x2  
  181  15:16  Unknown  
  181  15:17  Unknown  
  181  15:20  Spore Crawler  
  180  15:24  Spore Crawler  
  179  15:46  Hydralisk x3  
  179  15:47  Hydralisk x3  
  179  15:48  Roach x4  
  179  15:49  Lurker  
  200  16:07  Hydralisk  
  200  16:16  Hydralisk x2  
  200  16:17  Hydralisk x7  
  198  16:22  Hydralisk x6  
  182  16:30  Hydralisk x4  
  160  16:42  Hydralisk x4  
  164  17:03  Hydralisk x6  
  164  17:05  Lurker  
  164  17:06  Hatchery, Lurker  
  178  17:08  Lurker  
  178  17:09  Lurker  
  178  17:10  Lurker  
  178  17:11  Lurker  
  168  17:23  Lurker  
  168  17:24  Lurker x2  
  168  17:26  Viper x2  
  171  17:40  Unknown  
  147  17:57  Unknown  
Tags
 
Add a new tag
Caveats
  • Supply blocks, unpowered buildings, or Contaminate may cause inaccurate times.
  • Supply counts are checked every 10 seconds.